[Event "23rd Hoogeveen Open 2019"]
[Site "Hoogeveen"]
[Date "2019.10.21"]
[Round "4.21"]
[White "Hilwerda, Jonas"]
[Black "Dev, Shah"]
[Result "1/2-1/2"]
[ECO "C58"]
[WhiteElo "2229"]
[BlackElo "2025"]
[Annotator "NA"]
[PlyCount "75"]
[EventDate "2019.10.19"]
[EventType "swiss"]
[EventCountry "NED"]
[SourceTitle "playchess.com"]
[Source "ChessBase"]
[SourceQuality "1"]
[TimeControl "40/5400+30:1800+30"]

1. e4 e5 2. Nf3 Nc6 3. Bc4 Nf6 4. Ng5 d5 5. exd5 Na5 6. Bb5+ c6 7. dxc6 bxc6 8. Bd3 Nd5 9. h4 Be7 10. Qf3 Bxg5 11. hxg5 Qxg5 12. Rh5 Qf4 13. Qxf4 exf4 14. b4 Nb7 15. b5 Nb4 16. Be4 f5 17. Bxc6+ Nxc6 18. bxc6 Nd8 19. c7 Nc6 20. f3 Nd4 21. Kd1 Bb7 22. Rh2 O-O 23. Bb2 Ne6 24. Be5 Rac8 25. Nc3 Nxc7 26. Rb1 Ba8 27. Bxf4 Nd5 28. Nxd5 Bxd5 29. Be5 Rfe8 30. d4 Re6 31. Rb2 Ra6 32. Kd2 Rxa2 33. Rxa2 Bxa2 34. Rh1 a6 35. Ra1 Bc4 36. Rb1 Bb5 37. f4 g6 38. g3 1/2-1/2

[Event "23rd Hoogeveen Open 2019"]
[Site "Hoogeveen"]
[Date "2019.10.21"]
[Round "4.22"]
[White "Mueer, Sebastian"]
[Black "De Winter, Arthur"]
[Result "1/2-1/2"]
[ECO "E90"]
[WhiteElo "2194"]
[BlackElo "1896"]
[Annotator "NA"]
[PlyCount "91"]
[EventDate "2019.10.19"]
[EventType "swiss"]
[EventCountry "NED"]
[SourceTitle "playchess.com"]
[Source "ChessBase"]
[SourceQuality "1"]
[TimeControl "40/5400+30:1800+30"]

1. d4 Nf6 2. Nf3 g6 3. c4 Bg7 4. Nc3 O-O 5. e4 d6 6. h3 e5 7. d5 a5 8. Be3 Na6 9. g4 Ne8 10. Rg1 Kh8 11. a3 Nc5 12. Qc2 f5 13. gxf5 gxf5 14. O-O-O fxe4 15. Ng5 Nf6 16. Kb1 Bf5 17. f3 Qe7 18. fxe4 Bg6 19. Be2 c6 20. h4 cxd5 21. Bxc5 d4 22. Bxd6 Qxd6 23. Nb5 Qc6 24. Bd3 Rae8 25. Rdf1 Nh5 26. Rxf8+ Rxf8 27. c5 Nf4 28. Nd6 Nxd3 29. Qxd3 Qxc5 30. Nf5 Bxf5 31. exf5 e4 32. Nxe4 Qxf5 33. Rg5 Qf4 34. Rh5 Qf1+ 35. Qxf1 Rxf1+ 36. Kc2 b6 37. Rb5 h6 38. Nd6 d3+ 39. Kd2 Rf2+ 40. Kxd3 Rxb2 41. Rxb2 Bxb2 42. Nc4 Bf6 43. Nxb6 Bxh4 44. Nc4 Be7 45. Nxa5 Bxa3 46. Ke4 1/2-1/2

[Event "23rd Hoogeveen Open 2019"]
[Site "Hoogeveen"]
[Date "2019.10.21"]
[Round "4.23"]
[White "Slagboom, Leandro"]
[Black "Adocchio, Giampiero"]
[Result "0-1"]
[ECO "A14"]
[WhiteElo "1954"]
[BlackElo "2184"]
[Annotator "NA"]
[PlyCount "116"]
[EventDate "2019.10.19"]
[EventType "swiss"]
[EventCountry "NED"]
[SourceTitle "playchess.com"]
[Source "ChessBase"]
[SourceQuality "1"]
[TimeControl "40/5400+30:1800+30"]

1. Nf3 d5 2. c4 e6 3. g3 Nf6 4. Bg2 Be7 5. O-O O-O 6. b3 c5 7. Bb2 b6 8. e3 Nc6 9. Qe2 Ba6 10. d3 Qc7 11. Nc3 Rad8 12. Rad1 Rfe8 13. Rfe1 Bf8 14. Qc2 Rd7 15. a3 d4 16. exd4 cxd4 17. Nb5 Qd8 18. Ne5 Nxe5 19. Rxe5 Qb8 20. Ree1 Bxb5 21. cxb5 Rc8 22. Qe2 Nd5 23. Bxd4 Nf4 24. gxf4 Rxd4 25. Qe5 Rxf4 26. Qxb8 Rxb8 27. b4 Rd4 28. Re4 Rd5 29. a4 Rbd8 30. Rc4 Rxd3 31. Rxd3 Rxd3 32. Rc7 Bxb4 33. Rxa7 g6 34. Bc6 Bc5 35. Be8 Rf3 36. Rc7 Bxf2+ 37. Kg2 Rf5 38. Bxf7+ Rxf7 39. Rxf7 Kxf7 40. Kxf2 Ke7 41. Ke3 Kd6 42. Kd4 g5 43. Ke4 Kc5 44. Ke5 Kb4 45. Kxe6 Kxa4 46. Kf5 Kxb5 47. Kxg5 Kc4 48. Kh6 b5 49. Kxh7 b4 50. Kg7 b3 51. h4 b2 52. h5 b1=Q 53. h6 Qg1+ 54. Kh8 Qf2 55. Kg8 Qg3+ 56. Kf7 Qf4+ 57. Kg6 Qg4+ 58. Kf7 Qh5+ 0-1

[Event "23rd Hoogeveen Open 2019"]
[Site "Hoogeveen"]
[Date "2019.10.21"]
[Round "4.24"]
[White "Fehr, Axel"]
[Black "Grooten, Herman"]
[Result "0-1"]
[ECO "A34"]
[WhiteElo "2045"]
[BlackElo "2274"]
[Annotator "NA"]
[PlyCount "84"]
[EventDate "2019.10.19"]
[EventType "swiss"]
[EventCountry "NED"]
[SourceTitle "playchess.com"]
[Source "ChessBase"]
[SourceQuality "1"]
[TimeControl "40/5400+30:1800+30"]

1. e4 c5 2. Nf3 e6 3. c4 b6 4. Nc3 Bb7 5. g3 g6 6. Bg2 Bg7 7. d4 cxd4 8. Nxd4 a6 9. O-O Ne7 10. Be3 d6 11. Qe2 Nd7 12. Rfd1 O-O 13. Rac1 Qb8 14. Bg5 Re8 15. Bh3 Nc6 16. Be3 Nf6 17. Bg2 Ne5 18. h3 Qc7 19. b3 Rad8 20. f4 Ned7 21. Ndb5 axb5 22. Nxb5 Qb8 23. Nxd6 e5 24. Nxe8 Rxe8 25. f5 gxf5 26. exf5 e4 27. Bf4 Ne5 28. Kh1 h5 29. Qe3 Bf8 30. Bh6 Nh7 31. Bxf8 Rxf8 32. f6 Nf3 33. Bxf3 exf3 34. Rd5 Bxd5 35. cxd5 Re8 36. Qxf3 Qe5 37. Rf1 Rd8 38. d6 Rxd6 39. Qa8+ Nf8 40. Rc1 Rxf6 41. Qg2 Ne6 42. Qd2 Nd4 0-1

[Event "23rd Hoogeveen Open 2019"]
[Site "Hoogeveen"]
[Date "2019.10.21"]
[Round "4.25"]
[White "Barthel, Ansgar"]
[Black "Noordenbos, Daan"]
[Result "1-0"]
[ECO "C01"]
[WhiteElo "2037"]
[BlackElo "2133"]
[Annotator "NA"]
[PlyCount "109"]
[EventDate "2019.10.19"]
[EventType "swiss"]
[EventCountry "NED"]
[SourceTitle "playchess.com"]
[Source "ChessBase"]
[SourceQuality "1"]
[TimeControl "40/5400+30:1800+30"]

1. e4 e6 2. d4 d5 3. Nc3 Bb4 4. exd5 exd5 5. Bd3 Ne7 6. Qh5 Qd6 7. Nge2 Be6 8. O-O Nbc6 9. Na4 Qd7 10. a3 Bd6 11. Nc5 Bxc5 12. dxc5 O-O-O 13. b4 f6 14. Bb2 Ng6 15. Ng3 Nf4 16. Qf3 Nxd3 17. Qxd3 Ne5 18. Qe2 Nc4 19. Bd4 h5 20. Rfe1 Rde8 21. Nf1 Bf5 22. Ne3 Nxe3 23. fxe3 Re4 24. Qf2 h4 25. c6 bxc6 26. Bxa7 Rh6 27. Rf1 Bg4 28. Bc5 Rg6 29. Kh1 h3 30. gxh3 Bxh3 31. Rg1 Reg4 32. Rg3 Qe6 33. Rxh3 d4 34. Rf3 dxe3 35. Rxe3 Qc4 36. Rae1 Rg2 37. Qxg2 Rxg2 38. Kxg2 Qxc2+ 39. R1e2 Qg6+ 40. Rg3 Qh5 41. Rd2 Qh6 42. Be3 Qh7 43. Rg4 Qg8 44. Rgd4 Qe6 45. Bf4 Qg4+ 46. Bg3 Qf5 47. h3 Kb7 48. Rd7 Qg5 49. Kh2 f5 50. Rxc7+ Kb6 51. Rcd7 f4 52. Bf2+ Kb5 53. R2d3 Kc4 54. R7d4+ Kb5 55. Rf3 1-0

[Event "23rd Hoogeveen Open 2019"]
[Site "Hoogeveen"]
[Date "2019.10.21"]
[Round "4.26"]
[White "Emans, Job"]
[Black "Van der Velde, Henk"]
[Result "1-0"]
[ECO "D19"]
[WhiteElo "2028"]
[BlackElo "2118"]
[Annotator "NA"]
[PlyCount "105"]
[EventDate "2019.10.19"]
[EventType "swiss"]
[EventCountry "NED"]
[SourceTitle "playchess.com"]
[Source "ChessBase"]
[SourceQuality "1"]
[TimeControl "40/5400+30:1800+30"]

1. d4 d5 2. c4 c6 3. Nc3 Nf6 4. Nf3 dxc4 5. a4 Bf5 6. e3 e6 7. Bxc4 Bb4 8. O-O Nbd7 9. Qe2 Bg6 10. Rd1 O-O 11. Ne1 Qe7 12. Nd3 Bd6 13. e4 e5 14. dxe5 Nxe5 15. Nxe5 Bxe5 16. f3 Rfe8 17. Be3 h5 18. a5 h4 19. Na4 Qc7 20. h3 Nh5 21. Bf2 Bh2+ 22. Kh1 Ng3+ 23. Bxg3 Bxg3 24. Nc3 Qe7 25. Rf1 Qg5 26. f4 Bxf4 27. Qf3 Be5 28. Bxf7+ Bxf7 29. Qxf7+ Kh7 30. Rf5 Re7 31. Rxg5 Rxf7 32. Rxe5 Rf2 33. Rh5+ Kg6 34. Rxh4 Rxb2 35. Rf1 Rc2 36. Rg4+ Kh7 37. Rf3 b5 38. axb6 axb6 39. e5 Re8 40. Re4 Re6 41. Ne2 Rc5 42. Rfe3 b5 43. Nf4 Re7 44. e6 g5 45. Ne2 Kg6 46. g4 Kf6 47. Ng3 Rc4 48. Rf3+ Kg6 49. Re1 Ra4 50. Nf5 Re8 51. e7 Ra7 52. Rfe3 Kf6 53. Re6+ 1-0

[Event "23rd Hoogeveen Open 2019"]
[Site "Hoogeveen"]
[Date "2019.10.21"]
[Round "4.27"]
[White "Ypma, Jord"]
[Black "Nicolai, Amir"]
[Result "1-0"]
[ECO "A80"]
[WhiteElo "2013"]
[BlackElo "2117"]
[Annotator "NA"]
[PlyCount "107"]
[EventDate "2019.10.19"]
[EventType "swiss"]
[EventCountry "NED"]
[SourceTitle "playchess.com"]
[Source "ChessBase"]
[SourceQuality "1"]
[TimeControl "40/5400+30:1800+30"]

1. d4 e6 2. Bf4 f5 3. Nf3 Nf6 4. e3 b6 5. Nbd2 Bb7 6. Be2 Be7 7. h3 O-O 8. c3 c5 9. Qc2 Nc6 10. g4 cxd4 11. exd4 Nd5 12. Bg3 f4 13. Bh2 Rc8 14. O-O Kh8 15. a3 g5 16. Bd3 Rf7 17. Rae1 Rg7 18. Ne4 Nf6 19. Qe2 Ng8 20. Ne5 Qc7 21. Nxc6 Qxc6 22. f3 Nf6 23. Kg2 Nxe4 24. Bxe4 Qc7 25. Bd3 Bf6 26. Bg1 Bd5 27. Bf2 h5 28. Be4 Qc4 29. Bd3 Qb3 30. Rc1 Bc4 31. Bxc4 Rxc4 32. d5 e5 33. gxh5 Rh7 34. Qd3 e4 35. fxe4 Be5 36. Qe2 Rg7 37. h6 Rg6 38. Qg4 Qxb2 39. Qf5 f3+ 40. Kh1 Kh7 41. Qxe5 g4 42. Qe7+ Kh8 43. Qf8+ Rg8 44. Qf6+ Kh7 45. hxg4 Qe2 46. Rce1 Qd2 47. Qf5+ Kh8 48. Qxf3 Rxc3 49. Be3 Qd3 50. g5 Rxa3 51. Qf6+ Kh7 52. g6+ Rxg6 53. Qf7+ Rg7 54. Qxg7# 1-0

[Event "23rd Hoogeveen Open 2019"]
[Site "Hoogeveen"]
[Date "2019.10.21"]
[Round "4.28"]
[White "Elgersma, Simon"]
[Black "Hoffman, Ron"]
[Result "1-0"]
[ECO "B31"]
[WhiteElo "2111"]
[BlackElo "1991"]
[Annotator "NA"]
[PlyCount "81"]
[EventDate "2019.10.19"]
[EventType "swiss"]
[EventCountry "NED"]
[SourceTitle "playchess.com"]
[Source "ChessBase"]
[SourceQuality "1"]
[TimeControl "40/5400+30:1800+30"]

1. e4 c5 2. Nf3 Nc6 3. Bb5 g6 4. O-O Bg7 5. Re1 e5 6. Bxc6 dxc6 7. d3 Qe7 8. a3 Nf6 9. Nbd2 Nd7 10. b4 Nf8 11. Nc4 f6 12. bxc5 Qxc5 13. a4 Qe7 14. Ba3 c5 15. d4 Ne6 16. dxc5 O-O 17. c6 Qc7 18. Bxf8 Bxf8 19. Qd5 bxc6 20. Qd2 Ba6 21. Qc3 Rb8 22. Rab1 Rd8 23. Red1 Be7 24. Rxd8+ Qxd8 25. Na5 Bc5 26. Nb3 Qb6 27. Qe1 Nf4 28. a5 Qb4 29. Qxb4 Bxb4 30. Nc1 Bc5 31. Ne1 Bd4 32. Ned3 Nxd3 33. Nxd3 Kf7 34. Rb8 Ke6 35. Nb4 Bb5 36. c4 Bxc4 37. Nxc6 Bc3 38. Rc8 Kd7 39. Nxa7 Bd4 40. Rxc4 Bxa7 41. Kf1 1-0

[Event "23rd Hoogeveen Open 2019"]
[Site "Hoogeveen"]
[Date "2019.10.21"]
[Round "4.30"]
[White "Faber, Hugo"]
[Black "Achuthan, Dylan"]
[Result "1/2-1/2"]
[ECO "B22"]
[WhiteElo "2077"]
[BlackElo "1865"]
[Annotator "NA RC"]
[PlyCount "40"]
[EventDate "2019.10.19"]
[EventType "swiss"]
[EventCountry "NED"]
[SourceTitle "playchess.com"]
[Source "ChessBase"]
[SourceQuality "1"]
[TimeControl "40/5400+30:1800+30"]

1. e4 c5 2. c3 d5 3. exd5 Qxd5 4. d4 Nc6 5. Nf3 Bg4 6. Be2 Nf6 7. O-O e6 8. Be3 cxd4 9. cxd4 Be7 10. Nc3 Qd8 11. Qb3 Qc7 12. d5 Nxd5 13. Nxd5 exd5 14. Qxd5 O-O 15. h3 Be6 16. Qe4 Qa5 17. Nd4 Nxd4 18. Bxd4 b6 19. Rfd1 Rfd8 20. Bf3 Rac8 1/2-1/2

[Event "23rd Hoogeveen Open 2019"]
[Site "Hoogeveen"]
[Date "2019.10.21"]
[Round "4.31"]
[White "Stock, Andreas"]
[Black "Labruyere, Roger"]
[Result "1-0"]
[ECO "A28"]
[WhiteElo "2076"]
[BlackElo "1932"]
[Annotator "NA"]
[PlyCount "73"]
[EventDate "2019.10.19"]
[EventType "swiss"]
[EventCountry "NED"]
[SourceTitle "playchess.com"]
[Source "ChessBase"]
[SourceQuality "1"]
[TimeControl "40/5400+30:1800+30"]

1. c4 e5 2. Nc3 Nf6 3. Nf3 Nc6 4. e4 Bb4 5. d3 a5 6. Be2 O-O 7. O-O Re8 8. Ne1 Bc5 9. Nc2 h6 10. Be3 Nd4 11. Qd2 c6 12. Na4 Nxe2+ 13. Qxe2 Bxe3 14. Nxe3 d6 15. b3 Nh7 16. f4 Nf8 17. f5 Nd7 18. Rf3 Nf6 19. Nc3 b6 20. Rg3 Kh7 21. Rh3 Bb7 22. g4 Ng8 23. Rf1 f6 24. Rg3 Ne7 25. h4 d5 26. Ncd1 dxe4 27. dxe4 Qd4 28. Nf2 Rad8 29. g5 Rg8 30. Qh5 Rdf8 31. Rd1 Qc5 32. Neg4 fxg5 33. hxg5 Rh8 34. gxh6 g6 35. fxg6+ Nxg6 36. Rd7+ Ne7 37. Nf6+ 1-0

[Event "23rd Hoogeveen Open 2019"]
[Site "Hoogeveen"]
[Date "2019.10.21"]
[Round "4.32"]
[White "Vogel, Jaap"]
[Black "Van der Veen, Jan"]
[Result "0-1"]
[ECO "D00"]
[WhiteElo "2123"]
[BlackElo "2043"]
[Annotator "NA"]
[PlyCount "110"]
[EventDate "2019.10.19"]
[EventType "swiss"]
[EventCountry "NED"]
[SourceTitle "playchess.com"]
[Source "ChessBase"]
[SourceQuality "1"]
[TimeControl "40/5400+30:1800+30"]

1. d4 Nf6 2. Nf3 g6 3. Bf4 Bg7 4. Nc3 d5 5. Nb5 Na6 6. e3 O-O 7. h3 c6 8. Nc3 Nc7 9. Be2 Nce8 10. Ne5 Nd6 11. g4 Nfe8 12. Bd3 f6 13. Nf3 Nf7 14. g5 fxg5 15. Nxg5 Nxg5 16. Bxg5 Bf5 17. f4 Nd6 18. Qd2 Qd7 19. O-O-O Bxd3 20. Qxd3 Nf5 21. e4 dxe4 22. Nxe4 h6 23. Rhg1 Kh7 24. h4 Qxd4 25. Qxd4 Bxd4 26. Rh1 Kg7 27. Kb1 hxg5 28. Nxg5 Rf6 29. Rhe1 Bb6 30. Rd7 Re8 31. c4 Kg8 32. Rxb7 Nxh4 33. Ne6 Bf2 34. Re2 Bg1 35. Nc7 Ref8 36. Ne6 Rc8 37. Rxe7 Nf5 38. Rd7 Re8 39. Rg2 Rfxe6 40. Rxg1 Re1+ 41. Rxe1 Rxe1+ 42. Kc2 Re7 43. Rd8+ Kf7 44. Rc8 Nd4+ 45. Kd3 Ne2 46. Rxc6 Nxf4+ 47. Kd4 Ne6+ 48. Kd5 g5 49. Kd6 Ng7 50. Rc5 Ne8+ 51. Kd5 g4 52. Ra5 Kf6 53. c5 g3 54. Ra3 Re5+ 55. Kd4 g2 0-1

[Event "23rd Hoogeveen Open 2019"]
[Site "Hoogeveen"]
[Date "2019.10.21"]
[Round "4.33"]
[White "Van der Hagen, Loek"]
[Black "Shakhverdian, William"]
[Result "1-0"]
[ECO "C78"]
[WhiteElo "1983"]
[BlackElo "2109"]
[Annotator "NA"]
[PlyCount "111"]
[EventDate "2019.10.19"]
[EventType "swiss"]
[EventCountry "NED"]
[SourceTitle "playchess.com"]
[Source "ChessBase"]
[SourceQuality "1"]
[TimeControl "40/5400+30:1800+30"]

1. e4 e5 2. Nf3 Nc6 3. Bb5 Nf6 4. d3 Bc5 5. O-O d6 6. c3 a6 7. Ba4 O-O 8. h3 b5 9. Bc2 h6 10. Re1 Re8 11. Nbd2 d5 12. exd5 Nxd5 13. Ne4 Bf8 14. Ng3 f5 15. Bd2 Qd6 16. b4 Bd7 17. a3 Nf4 18. Be3 Kh8 19. Qd2 Nd5 20. Bc5 Qf6 21. Bxf8 Rxf8 22. c4 Nb6 23. Bb3 Be6 24. Qc3 bxc4 25. dxc4 e4 26. Qxf6 Rxf6 27. Nd2 Nd4 28. Rac1 g6 29. Ba2 c5 30. Red1 Nc6 31. Ndxe4 fxe4 32. Rd6 Nd4 33. Rxb6 Raf8 34. Rf1 e3 35. fxe3 Ne2+ 36. Kh2 Rxf1 37. Nxf1 Rxf1 38. Rxe6 h5 39. Rxg6 Kh7 40. Rg5 Kh6 41. h4 Nc3 42. Bb3 cxb4 43. axb4 Ne4 44. Ra5 Re1 45. Rxa6+ Kg7 46. Ra2 Rxe3 47. Bd1 Nf6 48. Bf3 Rc3 49. Ra7+ Kg6 50. Rc7 Kf5 51. b5 Ng4+ 52. Bxg4+ Kxg4 53. b6 Kxh4 54. b7 Rb3 55. c5 Rb2 56. c6 1-0

[Event "23rd Hoogeveen Open 2019"]
[Site "Hoogeveen"]
[Date "2019.10.21"]
[Round "4.34"]
[White "Ricken, Katharina"]
[Black "Taams, Sander"]
[Result "1-0"]
[ECO "E60"]
[WhiteElo "1970"]
[BlackElo "2094"]
[Annotator "NA RC"]
[PlyCount "85"]
[EventDate "2019.10.19"]
[EventType "swiss"]
[EventCountry "NED"]
[SourceTitle "playchess.com"]
[Source "ChessBase"]
[SourceQuality "1"]
[TimeControl "40/5400+30:1800+30"]

1. Nf3 Nf6 2. g3 g6 3. b3 Bg7 4. Bb2 d6 5. d4 O-O 6. Bg2 c5 7. c4 Nc6 8. O-O a6 9. dxc5 dxc5 10. Ne5 Nxe5 11. Bxe5 Nh5 12. Bxg7 Nxg7 13. Nc3 Rb8 14. Qxd8 Rxd8 15. Rfd1 Rd5 16. Rd2 Rxd2 17. Rc1 Rd1+ 18. Rxd1 Be6 19. Bxb7 Rxb7 20. Rd8+ Ne8 21. Rxe8+ Kg7 22. Ra8 Rb6 23. Ra7 Kf8 24. Rc7 Rd6 25. Rxc5 Rd2 26. Ra5 Bh3 27. f3 Rc2 28. Nd5 Rc1+ 29. Kf2 Rh1 30. Rxa6 Rxh2+ 31. Ke3 Bf1 32. Nc3 h5 33. b4 Rg2 34. b5 Ke8 35. c5 Rxg3 36. Kf2 h4 37. Kxf1 h3 38. c6 e6 39. Ne4 Rg2 40. Ra8+ Ke7 41. c7 f5 42. Nf2 h2 43. Kxg2 1-0

[Event "23rd Hoogeveen Open 2019"]
[Site "Hoogeveen"]
[Date "2019.10.21"]
[Round "4.35"]
[White "Vasse, Albert"]
[Black "Pekin, Tolgay"]
[Result "0-1"]
[ECO "B22"]
[WhiteElo "1934"]
[BlackElo "2083"]
[Annotator "NA"]
[PlyCount "98"]
[EventDate "2019.10.19"]
[EventType "swiss"]
[EventCountry "NED"]
[SourceTitle "playchess.com"]
[Source "ChessBase"]
[SourceQuality "1"]
[TimeControl "40/5400+30:1800+30"]

1. e4 c5 2. d4 cxd4 3. c3 Nf6 4. e5 Nd5 5. cxd4 e6 6. Bc4 Nb6 7. Bb3 d6 8. Qe2 Be7 9. Qg4 dxe5 10. dxe5 Qc7 11. Qf4 g5 12. Qe3 Nc6 13. Nc3 Qxe5 14. Nf3 Qxe3+ 15. Bxe3 g4 16. Nd2 Nd7 17. Nb5 Bd8 18. Nd6+ Ke7 19. N6e4 Bb6 20. O-O Bxe3 21. fxe3 b6 22. Rac1 Bb7 23. Nc4 Na5 24. Ned6 Nxc4 25. Nxc4 Nc5 26. Bd1 Rhg8 27. Ne5 f6 28. b4 Na6 29. Nd3 Rac8 30. Be2 Nc7 31. a3 Nd5 32. Rxc8 Rxc8 33. e4 Ne3 34. Rf4 Rc2 35. Kf2 e5 36. Kxe3 exf4+ 37. Nxf4 g3 38. hxg3 Rc3+ 39. Kd4 Rxa3 40. Bf3 a5 41. bxa5 bxa5 42. Nd3 Ra4+ 43. Ke3 Rc4 44. Nf4 a4 45. Kd3 Rc7 46. Bd1 Rd7+ 47. Nd5+ Bxd5 48. exd5 Rxd5+ 49. Kc2 Rxd1 {[%emt 0:00:01] Kd3} 0-1

[Event "23rd Hoogeveen Open 2019"]
[Site "Hoogeveen"]
[Date "2019.10.21"]
[Round "4.36"]
[White "Merkon, Oseb"]
[Black "Boersma, Jan"]
[Result "0-1"]
[ECO "A16"]
[WhiteElo "1930"]
[BlackElo "2070"]
[Annotator "NA"]
[PlyCount "96"]
[EventDate "2019.10.19"]
[EventType "swiss"]
[EventCountry "NED"]
[SourceTitle "playchess.com"]
[Source "ChessBase"]
[SourceQuality "1"]
[TimeControl "40/5400+30:1800+30"]

1. c4 g6 2. Nc3 Bg7 3. g3 d6 4. Bg2 Nc6 5. d3 Nf6 6. e4 O-O 7. Nge2 Bd7 8. O-O Qc8 9. f4 Bh3 10. f5 Bxg2 11. Kxg2 e6 12. Nf4 Nd4 13. Be3 c5 14. g4 gxf5 15. exf5 Qc6+ 16. Kg3 Kh8 17. Bxd4 cxd4 18. Nb5 e5 19. Nh3 Rg8 20. Ng5 Raf8 21. Qf3 Bh6 22. h4 Bxg5 23. hxg5 Rxg5 24. Qxc6 Rxg4+ 25. Kf2 bxc6 26. Nxd6 Kg7 27. Rg1 h5 28. Rxg4+ hxg4 29. Rh1 c5 30. Ne4 Nxe4+ 31. dxe4 Rb8 32. b3 a5 33. Rh4 a4 34. Rxg4+ Kf6 35. Rg3 a3 36. Rh3 Rg8 37. Rh4 Kg5 38. Rh7 Kf4 39. Rh4+ Rg4 40. Rxg4+ Kxg4 41. Ke2 Kf4 42. Kd3 f6 43. b4 cxb4 44. c5 b3 45. c6 bxa2 46. c7 a1=Q 47. c8=Q Qd1+ 48. Kc4 Qc2+ {[%emt 0:26:34] Kd3 Qd1+ Kc4 Qc2+} 0-1

[Event "23rd Hoogeveen Open 2019"]
[Site "Hoogeveen"]
[Date "2019.10.22"]
[Round "5.15"]
[White "Okkes, Menno"]
[Black "Van Dorp, Folke"]
[Result "1-0"]
[ECO "E99"]
[WhiteElo "2326"]
[BlackElo "2086"]
[Annotator "RC"]
[PlyCount "83"]
[EventDate "2019.10.19"]
[EventType "swiss"]
[EventCountry "NED"]
[SourceTitle "playchess.com"]
[Source "ChessBase"]
[SourceQuality "1"]
[TimeControl "40/5400+30:1800+30"]

1. Nf3 Nf6 2. c4 g6 3. Nc3 Bg7 4. e4 d6 5. d4 O-O 6. Be2 e5 7. O-O Nc6 8. d5 Ne7 9. Ne1 Nd7 10. Nd3 f5 11. f3 f4 12. Bd2 g5 13. Rc1 Nf6 14. c5 Ng6 15. Nb5 Rf7 16. Ba5 b6 17. cxd6 cxd6 18. Be1 h5 19. Qc2 Ne8 20. Nb4 g4 21. Nc6 Qg5 22. Ncxa7 gxf3 23. Bxf3 Bd7 24. Nc6 Bf8 25. Qf2 Rxa2 26. Na3 Rg7 27. Qxb6 Nf6 28. Qb3 Rxa3 29. bxa3 Ng4 30. Nb8 Nh4 31. Nxd7 Nxg2 32. Nxf8 Nxe1 33. Ne6 Qh4 34. Qb8+ Kh7 35. Nf8+ Kh6 36. Qxd6+ Nf6+ 37. Kh1 Nxf3 38. Rxf3 Qg5 39. Rf2 f3 40. Rcf1 Rg6 41. Nxg6 Nxe4 42. Qf8+ 1-0

[Event "23rd Hoogeveen Open 2019"]
[Site "Hoogeveen"]
[Date "2019.10.22"]
[Round "5.18"]
[White "Grooten, Herman"]
[Black "Stock, Andreas"]
[Result "1-0"]
[ECO "A57"]
[WhiteElo "2274"]
[BlackElo "2076"]
[Annotator "RC"]
[PlyCount "99"]
[EventDate "2019.10.19"]
[EventType "swiss"]
[EventCountry "NED"]
[SourceTitle "playchess.com"]
[Source "ChessBase"]
[SourceQuality "1"]
[TimeControl "40/5400+30:1800+30"]

1. d4 Nf6 2. c4 c5 3. d5 b5 4. Nf3 g6 5. cxb5 a6 6. b6 d6 7. Nc3 Bg7 8. e4 O-O 9. h3 Nbd7 10. Bf4 Qxb6 11. Rb1 a5 12. Bc4 Ba6 13. b3 Ne8 14. Bd2 Nc7 15. a4 Rfb8 16. O-O Qa7 17. Qc2 Nb6 18. Ne2 Bxc4 19. bxc4 Qa6 20. Rfc1 Nd7 21. h4 Rxb1 22. Rxb1 Nb6 23. Rc1 Nd7 24. Qd3 Rb8 25. Bc3 Bxc3 26. Nxc3 Rb4 27. Nb5 Nxb5 28. cxb5 Qc8 29. Nd4 Ne5 30. Qd1 Kg7 31. f3 h5 32. Nc6 Nxc6 33. dxc6 Qc7 34. Qc2 Qb6 35. Rd1 f6 36. Kh2 Qc7 37. Rd5 Qc8 38. g3 Qe6 39. Rd2 Qc8 40. Rg2 Qe6 41. Qa2 Qc8 42. g4 hxg4 43. Rxg4 f5 44. Rg5 fxe4 45. h5 c4 46. Rxg6+ Kh7 47. Qd2 Qf8 48. Qh6+ Qxh6 49. Rxh6+ Kxh6 50. c7 1-0

[Event "23rd Hoogeveen Open 2019"]
[Site "Hoogeveen"]
[Date "2019.10.22"]
[Round "5.19"]
[White "Advait, Bagri"]
[Black "Barthel, Ansgar"]
[Result "0-1"]
[ECO "C41"]
[WhiteElo "2231"]
[BlackElo "2037"]
[Annotator "RC"]
[PlyCount "114"]
[EventDate "2019.10.19"]
[EventType "swiss"]
[EventCountry "NED"]
[SourceTitle "playchess.com"]
[Source "ChessBase"]
[SourceQuality "1"]
[TimeControl "40/5400+30:1800+30"]

1. e4 d6 2. d4 Nf6 3. Nc3 e5 4. Nf3 Nbd7 5. Bc4 Be7 6. O-O O-O 7. a4 c6 8. a5 Qc7 9. Re1 h6 10. h3 Re8 11. d5 cxd5 12. Bxd5 Nxd5 13. Nxd5 Qd8 14. c4 Nf6 15. Nxf6+ Bxf6 16. b3 Be6 17. Bd2 Qc7 18. Bb4 Be7 19. Nd2 Red8 20. Nb1 Qc6 21. Nc3 Bf8 22. Qe2 Rd7 23. Rad1 Rad8 24. Nb5 a6 25. Nc3 f5 26. exf5 Bxf5 27. Nd5 Rf7 28. f4 exf4 29. Nxf4 Re7 30. Qd2 Rxe1+ 31. Rxe1 b6 32. Qd5+ Qxd5 33. Nxd5 bxa5 34. Bxa5 Rb8 35. Re3 Bc2 36. b4 Rc8 37. Nb6 Rb8 38. Nd5 Rc8 39. Nc7 d5 40. Rc3 Be4 41. c5 Be7 42. Nxa6 Bf6 43. Rc1 Bd4+ 44. Kh1 Rf8 45. b5 Rf2 46. Rg1 Rb2 47. b6 Bxg1 48. Kxg1 d4 49. Nb8 Rb5 50. c6 Rxa5 51. b7 Rb5 52. Nd7 Bxc6 53. b8=Q+ Rxb8 54. Nxb8 Bb5 55. Kf2 Kf8 56. Kf3 Ke8 57. Ke4 d3 0-1

[Event "23rd Hoogeveen Open 2019"]
[Site "Hoogeveen"]
[Date "2019.10.22"]
[Round "5.24"]
[White "De Jong, Migchiel"]
[Black "Ypma, Jord"]
[Result "1-0"]
[ECO "B87"]
[WhiteElo "2330"]
[BlackElo "2013"]
[Annotator "RC"]
[PlyCount "73"]
[EventDate "2019.10.19"]
[EventType "swiss"]
[EventCountry "NED"]
[SourceTitle "playchess.com"]
[Source "ChessBase"]
[SourceQuality "1"]
[TimeControl "40/5400+30:1800+30"]

1. e4 c5 2. Nf3 d6 3. d4 cxd4 4. Nxd4 Nf6 5. Nc3 a6 6. Bc4 e6 7. O-O b5 8. Bb3 Be7 9. Qf3 Qc7 10. Qg3 O-O 11. Bh6 Ne8 12. Rad1 Bd7 13. Nce2 Kh8 14. Bg5 Nf6 15. Qh4 Nc6 16. Nxc6 Qxc6 17. Nd4 Qb6 18. Rd3 Rfc8 19. Rh3 Kg8 20. Nf3 Qc5 21. Re1 Kf8 22. e5 dxe5 23. Nxe5 Be8 24. Nd3 Qc7 25. Nf4 Rd8 26. c3 Bc6 27. Bxe6 Be4 28. Bb3 Bf5 29. Rhe3 Re8 30. g4 Be4 31. Bxf6 Bxf6 32. g5 Be5 33. Rxe4 Bxf4 34. Qxh7 Re5 35. Qh8+ Ke7 36. Qxa8 Bxh2+ 37. Kg2 1-0

[Event "23rd Hoogeveen Open 2019"]
[Site "Hoogeveen"]
[Date "2019.10.22"]
[Round "5.27"]
[White "Achuthan, Dylan"]
[Black "Van Foreest, Machteld"]
[Result "0-1"]
[ECO "B50"]
[WhiteElo "1865"]
[BlackElo "2142"]
[Annotator "ChessBase"]
[PlyCount "128"]
[EventDate "2019.10.19"]
[EventType "swiss"]
[EventCountry "NED"]
[SourceTitle "playchess.com"]
[Source "ChessBase"]
[SourceQuality "1"]
[TimeControl "40/5400+30:1800+30"]

1. e4 c5 2. Nf3 d6 3. c3 Nf6 4. Be2 g6 5. O-O Bg7 6. Re1 e5 7. d4 cxd4 8. cxd4 O-O 9. Nc3 Nc6 10. dxe5 dxe5 11. Be3 Be6 12. Ng5 Qxd1 13. Raxd1 Bg4 14. f3 Bd7 15. Bc5 Rfd8 16. Bc4 Be8 17. Nd5 h6 18. Nh3 Rac8 19. Bb3 Nxd5 20. Bxd5 b6 21. Be3 Nb4 22. Bb3 Bb5 23. Nf2 Ba6 24. a3 Rxd1 25. Rxd1 Nc2 26. Bxc2 Rxc2 27. Rd2 Rxd2 28. Bxd2 Be2 29. Bc3 f5 30. Nh1 f4 31. Kf2 Bc4 32. b4 Kf7 33. g3 g5 34. Ke1 Ke6 35. Nf2 Bb5 36. Nd1 h5 37. Kf2 Bf8 38. Nb2 a5 39. bxa5 Bxa3 40. axb6 Bc5+ 41. Kg2 Bxb6 42. gxf4 exf4 43. h3 Be2 44. Na4 Ba7 45. Be1 Ke5 46. Bf2 Bxf2 47. Kxf2 Bc4 48. Nc5 Kd6 49. Nb7+ Kc7 50. Nc5 Kc6 51. Na4 Be6 52. Kg2 Kb5 53. Nc3+ Kc4 54. Ne2 Kd3 55. Ng1 Ke3 56. Kf1 Bf7 57. Kg2 Bc4 58. Kh2 Kf2 59. Kh1 Kg3 60. e5 Bf1 61. Ne2+ Bxe2 62. e6 Bxf3+ 63. Kg1 Bc6 64. e7 f3 0-1